 Dungeon Crawl Stone Soup version 0.18-a0-1292-ge8ad84c (webtiles) character file.

647 Ijustatesigmund the Cudgeler (level 7, -3/56 HPs)
             Began as a Demonspawn Fighter on Feb 9, 2016.
             Killed by divine providence
             ... invoked by an orc priest
              (16 damage)
             ... on level 4 of the Dungeon.
             The game lasted 00:08:33 (2775 turns).

Ijustatesigmund the Cudgeler (Demonspawn Fighter)   Turns: 2775, Time: 00:08:34

Health: -3/56      AC:  7    Str: 16 (17) XL:     7   Next: 27%
Magic:  7/7        EV:  6    Int:  6 (9)  God:
Gold:   103        SH:  9    Dex: 12 (14) Spells: 0 memorised, 6 levels left

rFire  . . .     SeeInvis .     a - +1 flail
rCold  . . .     Gourm    .     b - +0 scale mail
rNeg   . . .     Faith    .     c - +1 shield
rPois  .         Spirit   .     (no helmet)
rElec  .         Dismiss  .     q - +0 cloak
rCorr  .         Reflect  .     (no gloves)
SustAt .         Harm     .     (no boots)
MR     .....                    e - amulet of magic regeneration
Stlth  +.........               (no ring)
                                (no ring)

@: very slightly contaminated, hasted, very quick, not resistant to hostile
enchantments, very unstealthy
A: claws 1, nightstalker 1, powered by death 1
a: no special abilities


You were on level 4 of the Dungeon.
You were not hungry.

You visited 1 branch of the dungeon, and saw 5 of its levels.

You collected 103 gold pieces.

Inventory:

Hand Weapons
 a - a +1 flail (weapon)
Armour
 b - a +0 scale mail (worn)
 c - a +1 shield (worn)
 q - a +0 cloak (worn)
Magical Staves
 j - an uncursed staff of energy {unknown}
Jewellery
 e - an amulet of magic regeneration (around neck)
Wands
 m - a wand of acid (10/15)
Scrolls
 h - 2 scrolls of teleportation
 o - a scroll of remove curse
 p - a scroll of enchant weapon
 s - a scroll of noise {unknown}
Potions
 g - 2 potions of flight
 k - a potion of degeneration
 l - a potion of haste
Comestibles
 d - a beef jerky
 f - 3 bread rations
 i - 6 fruits
 n - a meat ration
 r - a chunk of flesh


   Skills:
 + Level 5.1 Fighting
 * Level 6.3 Maces & Flails
 - Level 2.6 Armour
 - Level 2.6 Shields


You had 6 spell levels left.
You didn't know any spells.

Dungeon Overview and Level Annotations

Branches:
Dungeon (5/15)
 Temple: D:4-7

Altars:
Cheibriados
Dithmenos
Makhleb
Qazlal
Sif Muna
Vehumet
Yredelemnul
The Shining One

Shops:
D:4 [*


Innate Abilities, Weirdness & Mutations

You have sharp fingernails.
You are slightly more attuned to the shadows.
You regenerate a little health from kills.


Message History

Pain shoots through your body!
* * * LOW HITPOINT WARNING * * *
You closely miss the orc priest.
The orc priest is lightly wounded.
The orc priest miscasts a cantrip.
Drink which item? (? for menu, Esc to quit)
You feel yourself speed up.
The orc priest hits you but does no damage.
You are very lightly contaminated with residual magic.
You hit the orc priest.
The orc priest is heavily wounded.
You feel less regenerative.
The orc priest hits you but does no damage.
You hit the orc priest but do no damage.
The orc priest is heavily wounded.
You hit the orc priest but do no damage.
The orc priest is heavily wounded.
The orc priest mumbles some strange prayers to Beogh against you.
Something smites you!
You die...

## #. #. #. #########
#. #.).....# #. #.# #.#
#. #@# #.# #.
#.#.#o#####.#########.
#....o......>.......'.
oo...####.##.#########.
###.. ...##.# #.
#.########.# ##
#.#...#..#.#
####.#.#.#..#.######
.......)))..........


You could see an orc priest and an orc.

Vanquished Creatures
  A phantom (D:3)
  A giant frog zombie (D:5)
  A jelly (D:1)
  A hound (D:4)
  3 orc priests
  5 orc wizards
  The ghost of ololoev the Firebug, a weakling DEFE (D:3)
  5 adders
  4 gnolls (D:3)
  5 oozes (D:1)
  2 worms
  A giant gecko (D:2)
  12 orcs
  11 bats
  6 giant cockroaches
  10 goblins
  5 hobgoblins
  13 jackals
  9 kobolds
  A ball python (D:2)
  6 giant newts
  10 rats
113 creatures vanquished.

Notes
Turn   | Place    | Note
--------------------------------------------------------------
     0 | D:1      | Ijustatesigmund the Demonspawn Fighter began the quest for the Orb.
     0 | D:1      | Reached XP level 1. HP: 18/18 MP: 1/1
     1 | D:1      | Found a runed door.
     1 | D:1      | Noticed a jelly
    63 | D:1      | Gained mutation: You regenerate a little health from kills. [demonic ancestry]
    63 | D:1      | Reached XP level 2. HP: 5/24 MP: 2/2
   327 | D:1      | Gained mutation: You are slightly more attuned to the shadows. [demonic ancestry]
   327 | D:1      | Reached XP level 3. HP: 29/29 MP: 3/3
   690 | D:2      | Gained mutation: You have sharp fingernails. [demonic ancestry]
   690 | D:2      | Reached XP level 4. HP: 36/36 MP: 4/4
  1501 | D:1      | Reached skill level 4 in Maces & Flails
  1511 | D:1      | Reached XP level 5. HP: 34/42 MP: 5/5
  1710 | D:3      | Reached skill level 5 in Maces & Flails
  1710 | D:3      | Reached XP level 6. HP: 18/49 MP: 6/6
  1733 | D:3      | Found a deep blue altar of Sif Muna.
  1733 | D:3      | Found a burning altar of Makhleb.
  1793 | D:3      | You fall through a shaft for 2 floors!
  1793 | D:5      | Entered Level 5 of the Dungeon
  1940 | D:4      | Found Kechyb's Antique Armour Boutique.
  2143 | D:4      | Found a glowing golden altar of the Shining One.
  2184 | D:3      | Noticed ololoev's ghost (weakling DEFE)
  2189 | D:3      | Killed ololoev's ghost
  2226 | D:3      | Found a radiant altar of Vehumet.
  2227 | D:3      | Found a shadowy altar of Dithmenos.
  2229 | D:3      | Found a basalt altar of Yredelemnul.
  2229 | D:3      | Found a stormy altar of Qazlal.
  2230 | D:3      | Found a snail-covered altar of Cheibriados.
  2459 | D:3      | Reached skill level 5 in Fighting
  2459 | D:3      | Reached skill level 6 in Maces & Flails
  2459 | D:3      | Reached XP level 7. HP: 27/56 MP: 7/7
  2693 | D:4      | Found Weavun's General Store.
  2775 | D:4      | Killed from afar by an orc priest

Vault maps used:
D:1:      dpeg_arrival_caged_fury, minivault_23
D:3:      grunt_temple_overflow_open
D:4:      nicolae_overflow_hidden_temple, kennysheep_mini_moat, serial_shops,
          shop_fountains, shop, nicolae_shop_statue_plus,
          nicolae_tso_carved_into_rock
D:5:      minmay_temple_entry_fiery, first_bread

Action                   |  1- 3 |  4- 6 |  7- 9 || total
-------------------------+-------+-------+-------++-------
Melee: Flail             |   138 |   341 |    31 ||   510
  Use: Potion            |     1 |     1 |     2 ||     4
       Scroll            |     5 |     3 |       ||     8
  Eat: Chunk             |       |     5 |     1 ||     6
       Pizza             |       |     1 |       ||     1
